at smashed with op sapper spam

Match 20122810
End
Royal Engineer Section
Construct Section Command Post
Selects Heavy Armor Battlegroup
Dingo Light Scout Car
Dingo Light Scout Car
Selects Engineer Detachments
Royal Engineer Section
Royal Engineer Section
Construct Platoon Command Post
Infantry Training
6-pounder Anti-tank Gun Team
Selects Light Vehicle Withdraw and Refit
Light Vehicle Withdraw and Refit
Construct Field Infirmary
Royal Engineer Section
Royal Engineer Section
Royal Engineer Section
Construct Company Command Post
Foot Guards Section
Selects Radio Net
Unlock M3 Grant Medium Tanks
M3 Grant Medium Tank
Foot Guards Section
M3 Grant Medium Tank
Selects Recon Artillery
Foot Guards Section
Selects Crusader AA Medium Tank
M3 Grant Medium Tank
Selects Churchill Black Prince Heavy Tank
M3 Grant Medium Tank
Radio Net
CommieKillerz
Peaky Blinders
Sparkle
ksk_2006
fhqls12345
NEP_wilson_NEP
Wehrkerque
WilllTHENOOBz
0
0

Comments sign in to comment!

No comments posted yet!